 Dungeon Crawl Stone Soup version bcrawl-1.28.1b (webtiles) character file.

Game seed: 949768891453555219

135487 Morbidden the Slasher (level 3, 0/23 HPs)
             Began as a Skeleton Reaver on Dec 14, 2020.
             Was a Follower of Vehumet.
             Slain by a goblin
             ... wielding a +0 dagger
             ... led by Robin
              (1 damage)
             ... on level 2 of the Dungeon.
             The game lasted 00:02:01 (1215 turns).

Morbidden the Slasher (Skeleton Reaver)             Turns: 1215, Time: 00:02:02

Health: 0/23       AC:  6    Str: 22    XL:     3   Next: 69%
Magic:  0/8        EV: 12    Int: 13    God:    Vehumet [*.....]
Gold:   85         SH:  0    Dex:  7    Spells: 8/9 levels left

rFire    . . .     SeeInvis .   a - +0 long sword
rCold    + . .     Gourm    .   (no shield)
rNeg     + + +     Faith    .   h - +0 steam dragon scales
rPois    ∞         Spirit   +   (no helmet)
rElec    .         Reflect  .   (no cloak)
rCorr    .         Harm     .   (no gloves)
MR       .....                  e - +0 pair of boots
Stlth    +.........             (no amulet)
HPRegen  0.07/turn              f - +5 ring of strength
MPRegen  0.11/turn              (no ring)

@: no status effects
A: no food or potions, cold resistance 1, deterioration 1, negative energy
resistance 3, torment resistance, unbreathing, magic shield, sturdy frame 1,
spell healing
a: Renounce Religion


You were on level 2 of the Dungeon.
You worshipped Vehumet.
Vehumet was aware of your devotion.
You were not hungry.

You visited 1 branch of the dungeon, and saw 2 of its levels.

You collected 85 gold pieces.

Inventory:

Hand Weapons
 a - a +0 long sword (weapon)
 b - a +0 dagger of venom
Missiles
 i - 84 javelins (quivered)
Armour
 e - a +0 pair of boots (worn)
 h - +0 steam dragon scales (worn)
Jewellery
 f - a +5 ring of strength (left hand)
Scrolls
 c - a scroll of immolation
 d - 2 scrolls of remove curse {unknown}
 g - a scroll of teleportation {unknown}


   Skills:
 * Level 3.4 Fighting
 * Level 4.5 Long Blades
 + Level 3.1 Dodging
 * Level 3.8 Spellcasting


You had 8 spell levels left.
You knew the following spells:

 Your Spells              Type           Power        Failure   Level  Hunger
a - Freeze                Ice            #.....       5%          1    N/A

Your spell library contained the following spells:

 Spells                   Type           Power        Failure   Level  Hunger
 Iskenderun's Battlesphe  Conj/Chrm      #.......     80%         5    N/A

Dungeon Overview and Level Annotations

Branches:
Dungeon (2/12)

Altars:
Hepliaklqana
Kikubaaqudgha

Annotations:
D:2 Robin


Innate Abilities, Weirdness & Mutations

You do not eat or drink.
You are immune to poison.
Your flesh is cold resistant. (rC+)
Your body sometimes deteriorates upon taking damage.
You are immune to negative energy. (rN+++)
You are immune to unholy pain and torment.
You can survive without breathing.
When hurt, damage is shared between your health and your magic reserves.
Your movements are slightly less encumbered by armour. (ER -2)
Casting spells heals you.


Message History

Vehumet accepts your kill.
A goblin comes into view.
The goblin hits you but does no damage. Robin throws the goblin at you!
You slash the goblin!
You kill the goblin!
Vehumet accepts your kill.
The goblin barely misses you. x2; The goblin unwields a +0 hunting sling.
The goblin wields a +0 dagger.
The goblin hits you with a +0 dagger. x2
You hit the goblin but do no damage. The goblin hits you with a +0 dagger.
The goblin closely misses you.
The goblin hits you with a cursed +0 dagger.
* * * LOW HITPOINT WARNING * * *
The goblin hits you but does no damage. The goblin hits you with a +0 dagger.
* * * LOW HITPOINT WARNING * * *
The goblin hits you with a +0 club.
* * * LOW HITPOINT WARNING * * *
You barely miss the goblin. The goblin hits you but does no damage.
The goblin barely misses you. The goblin hits you but does no damage.
The goblin completely misses you. The goblin hits you with a +0 dagger.
You die...

#........# #..#
#.)......### #.>#
#......%.... ##.#
#.........## #.#
#?........) #.#
#..g.....## #.#
#...gg...# #
#..gggg..# #
#..g@g...# #
####g##### # #.#
#.# #.#
#.################
#.................
##################


You could see Robin, a hobgoblin and 8 goblins.

Vanquished Creatures
  An ooze (D:2)
  A worm (D:1)
  5 leopard geckos
  An orc (D:2)
  8 bats
  4 giant cockroaches
  6 goblins
  4 hobgoblins
  3 kobolds
  2 quokkas
  A frilled lizard (D:1)
  A rat (D:1)
37 creatures vanquished.

Notes
Turn   | Place    | Note
-------+----------+-------------------------------------------
     0 | D:1      | Morbidden the Skeleton Reaver began the quest for the Orb.
     0 | D:1      | Reached XP level 1. HP: 14/14 MP: 4/4
   102 | D:1      | Reached skill level 4 in Long Blades
   108 | D:1      | Reached XP level 2. HP: 16/19 MP: 6/6
   755 | D:2      | Found an ancient bone altar of Kikubaaqudgha.
   758 | D:2      | Reached XP level 3. HP: 21/23 MP: 7/7
   760 | D:2      | Reached * piety under Vehumet
   760 | D:2      | Offered knowledge of Freeze by Vehumet.
   763 | D:2      | Learned a level 1 spell: Freeze
   774 | D:2      | Found a hazy altar of Hepliaklqana.
  1201 | D:2      | Noticed Robin
  1214 | D:2      | HP: 1/23 [goblin/+0 club[Robin] (1)]
  1215 | D:2      | Slain by a goblin

Skill      XL: |  1 |
---------------+----+-----
Long Blades    | 4 |  4.5
Fighting       | |  3.4
Dodging        | |  3.1
Spellcasting   | |  3.8

Action                   || total
-------------------------++-------
Melee: Long sword        ||    99
Throw: Javelin           ||     1
 Cast: Freeze            ||    29
 Stab: Distracted        ||     1
Armor: Steam dragon scal ||    68
Dodge: Dodged            ||   115
